 Dungeon Crawl Stone Soup version 0.30-a0-989-g0d87f670db (webtiles) character file.

Game seed: 14126953326965953689

1455 Monkooky the Cleaver (level 8, -3/42 HPs)
             Began as a Vine Stalker Fighter on Apr 3, 2023.
             Was an Elder of Kikubaaqudgha.
             Slain by a komodo dragon (23 damage)
             ... on level 6 of the Dungeon.
             The game lasted 00:08:32 (4575 turns).

Monkooky the Cleaver (Vine Stalker Fighter)         Turns: 4575, Time: 00:08:33

Health: -3/42      AC:  7    Str: 27    XL:     8   Next: 76%
Magic:  0/9        EV: 10    Int:  8    God:    Kikubaaqudgha [****..]
Gold:   202        SH:  4    Dex: 14    Spells: 7/7 levels left

rFire   . . .      SeeInvis .    a - +0 war axe
rCold   . . .      Faith    .    c - +0 buckler
rNeg    . . .      Spirit   +    F - +3 leather armour
rPois   .          Reflect  .    (no helmet)
rElec   .          Rampage  .    (no cloak)
rCorr   .                        E - +0 pair of gloves
Will    +....                    (no boots)
Stlth   +                        (no amulet)
HPRegen 1.07/turn                u - +6 ring of strength
MPRegen 0.11/turn                w - +4 ring of slaying

@: no status effects
A: fangs 3, regeneration 1, magic shield, antimagic bite, no potion heal 2
a: Renounce Religion, Unearth Wretches


You were on level 6 of the Dungeon.
You worshipped Kikubaaqudgha.
Kikubaaqudgha was greatly pleased with you.
You visited 1 branch of the dungeon, and saw 6 of its levels.
You also visited: Sewer.

You collected 202 gold pieces.

Inventory:

Hand Weapons
 a - a +0 war axe (weapon)
Missiles
 f - 2 throwing nets
 z - 18 poisoned darts (quivered)
Armour
 b - a +0 scale mail
 c - a +0 buckler (worn)
 l - a +0 ring mail
 E - a +0 pair of gloves (worn)
 F - a +3 leather armour (worn)
Jewellery
 u - a +6 ring of strength (left hand)
 w - a +4 ring of slaying (right hand)
Wands
 t - a wand of paralysis (6)
Scrolls
 h - a scroll of fog
 i - a scroll of amnesia
 o - a scroll of poison
 p - 2 scrolls of teleportation
 r - a scroll of enchant armour
 s - a scroll of torment {unknown}
 v - a scroll of immolation {unknown}
 x - 2 scrolls of blinking {unknown}
 y - a scroll of magic mapping {unknown}
 B - a scroll of brand weapon {unknown}
 H - a scroll of silence {unknown}
 I - a scroll of acquirement {unknown}
 J - a scroll of enchant weapon {unknown}
Potions
 d - 2 potions of might
 e - 6 potions of lignification {unknown}
 g - a potion of ambrosia {unknown}
 j - 9 potions of curing
 k - a potion of mutation {unknown}
 m - a potion of cancellation {unknown}
 n - 2 potions of flight {unknown}
 q - a potion of attraction {unknown}
 A - a potion of heal wounds {unknown}
 C - 2 potions of degeneration {unknown}
 D - a potion of haste {unknown}
 G - a potion of invisibility {unknown}


   Skills:
 - Level 4.6 Fighting
 + Level 8.9 Axes
 - Level 2.4 Armour
 - Level 2.6 Shields
 - Level 1.8 Necromancy


You had 7 spell levels left.
You didn't know any spells.
Your spell library contained the following spells:

 Spells                   Type           Power      Damage    Failure   Level
 Necrotise                Necr           8%         1d4       30%         1
 Kiss of Death            Conj/Necr      4%         2d5       41%         1
 Cigotuvi's Dreadful Rot  Necr/Pois/Air  0%         N/A       61%         2
 Inner Flame              Hex/Fire       0%         N/A       89%         3
 Animate Dead             Necr           2%         N/A       97%         4
 Dispel Undead            Necr           2%         3d7       97%         4
 Anguish                  Hex/Necr       0%         N/A       99%         4
 Cause Fear               Hex            0%         N/A       100%        4
 Agony                    Necr           2%         N/A       100%        5
 Borgnjor's Vile Clutch   Necr/Erth      0%         N/A       100%        5
 Enfeeble                 Hex            0%         N/A       100%        7
 Discord                  Hex            0%         N/A       100%        8


Dungeon Overview and Level Annotations

Branches:
Dungeon (6/15)             Temple (0/1) D:4           Sewer (visited)

Altars:
Kikubaaqudgha
Qazlal
Trog
Wu Jian
The Shining One

Shops:
D:2 [


Innate Abilities, Weirdness & Mutations

You have razor-sharp teeth.
Your natural rate of healing is unusually fast.
When hurt, damage is shared between your health and your magic reserves.
Your bite disrupts and absorbs the magic of your enemies.
Potions cannot restore your health.


Message History

You climb upwards.
There is a stone staircase leading down here.
You slash the hound!
The hound is heavily wounded.
You block the hound's attack.
You barely miss the hound. Your bite misses the hound.
The hound is heavily wounded.
The hound barely misses you. The hound bites you.
You slice the hound!!
You kill the hound!
Kikubaaqudgha accepts your kill.
No target in view!
No target in view!
No target in view!
No target in view!
No target in view!
No target in view!
No target in view!
No target in view!
You climb downwards.
There is a stone staircase leading up here.
You throw a poisoned dart.
The poisoned dart hits the komodo dragon.
The komodo dragon is poisoned.
You throw a poisoned dart.
The poisoned dart hits the komodo dragon.
The komodo dragon looks even sicker.
The komodo dragon is lightly wounded.
You slash the komodo dragon!
The komodo dragon is moderately wounded.
The komodo dragon bites you!!
Ouch! That really hurt!
You are too injured to fight recklessly!
Aiming: Paralyse
Press: ? - help, Shift-Dir - straight line, f/p - komodo dragon
Aim: a komodo dragon (moderately wounded, very poisoned, chance to affect: 31%)
The komodo dragon easily resists.
The komodo dragon bites you!!
Ouch! That really hurt!
You die...
Kikubaaqudgha rasps: "You have failed me!
Welcome... death!"

### ####.####
###.######.##.##
#.......#......# .
+...<...+......# #..
###.###.##'##'####
#...###.###+##.##.#..#
.........#...........#
.........#...........#
.........'..@l.((....##
#######..########.....#
#..##....##..####
#..#..........#
#..#..........#
#..+..........#
#..#..........#
#..##.l.......# +##$.
#..########


You could see a komodo dragon (very poisoned).

Vanquished Creatures
  A water moccasin (D:5)
  A black bear (D:5)
  An ogre (D:5)
  4 kobold brigands (Sewer)
  A scorpion (D:6)
  A howler monkey (D:5)
  2 centaur zombies (D:5)
  A centaur skeleton (D:5)
  4 hounds (D:5)
  2 orc priests
  A bullfrog skeleton (D:5)
  A gnoll bouda (D:5)
  2 iguanas (D:5)
  A scorpion zombie (D:5)
  An orc wizard (D:3)
  A hound zombie (D:5)
  7 gnolls
  A river rat (Sewer)
  10 adders
  An adder zombie (D:5)
  5 worms
  A dart slug (D:1)
  26 orcs
  8 ball pythons
  12 endoplasms
  5 giant cockroaches
  7 goblins
  6 hobgoblins
  14 jackals
  11 kobolds
  6 quokkas
  8 bats
  4 frilled lizards
  4 rats
161 creatures vanquished.

Vanquished Creatures (others)
  A plant (D:4)
  2 withered plants (D:5)
3 creatures vanquished.

Grand Total: 164 creatures vanquished

Notes
Turn   | Place    | Note
-------+----------+-------------------------------------------
     0 | D:1      | Monkooky the Vine Stalker Fighter began the quest for the
                  | Orb.
     0 | D:1      | Reached XP level 1. HP: 11/11 MP: 2/2
    73 | D:1      | Reached skill level 2 in Axes
   194 | D:1      | Reached XP level 2. HP: 14/16 MP: 3/3
   480 | D:1      | Reached skill level 3 in Axes
   491 | D:1      | Reached XP level 3. HP: 19/19 MP: 4/4
  1294 | D:2      | Found Resuch's Armour Shop.
  1424 | D:2      | Gained mutation: Your natural rate of healing is unusually
                  | fast. [Vine Stalker growth]
  1424 | D:2      | Reached XP level 4. HP: 23/23 MP: 5/5
  1625 | D:2      | Found a faded altar of an unknown god.
  1632 | D:2      | Prayed at the altar of an unknown god.
  1632 | D:2      | Became a worshipper of Kikubaaqudgha
  1632 | D:2      | Reached * piety under Kikubaaqudgha
  1632 | D:2      | Received a gift from Kikubaaqudgha
  1879 | D:3      | Reached skill level 1 in Necromancy
  2322 | D:3      | Reached skill level 4 in Axes
  2322 | D:3      | Reached XP level 5. HP: 14/27 MP: 2/6
  2512 | D:3      | Reached ** piety under Kikubaaqudgha
  2657 | D:4      | Found a glowing golden altar of the Shining One.
  2783 | D:4      | Found a glowing drain.
  2791 | D:4      | Reached XP level 6. HP: 32/32 MP: 7/7
  2804 | Sewer    | Entered a sewer
  2885 | Sewer    | Reached skill level 5 in Axes
  2898 | Sewer    | Reached XP level 7. HP: 37/37 MP: 8/8
  3201 | D:4      | Found a staircase to the Ecumenical Temple.
  3239 | D:4      | Reached *** piety under Kikubaaqudgha
  3239 | D:4      | Received a gift from Kikubaaqudgha
  3356 | D:4      | Reached skill level 6 in Axes
  3671 | D:4      | Found a stormy altar of Qazlal.
  3672 | D:4      | Found a bloodstained altar of Trog.
  3884 | D:5      | Entered Level 5 of the Dungeon
  3935 | D:5      | Reached skill level 7 in Axes
  3935 | D:5      | Gained mutation: You have razor-sharp teeth. [Vine Stalker
                  | growth]
  3935 | D:5      | Reached XP level 8. HP: 42/42 MP: 5/9
  4047 | D:5      | Reached **** piety under Kikubaaqudgha
  4083 | D:5      | Reached skill level 8 in Axes
  4432 | D:5      | Found an ornate altar of the Wu Jian Council.
  4544 | D:6      | Noticed a komodo dragon
  4575 | D:6      | Slain by a komodo dragon

Illustrated notes

Levels and vault maps discovered:
D:1:      wheals_arrival_linesprint, layout_basic, minmay_tripent
D:2:      layout_basic, hellmonk_ecumenical_altar_slurped_away, serial_shops,
          shop_statue, wad_floor_pattern_untrapped
D:3:      layout_loops_ring, reono_crystal_passage,
          chequers_serial_rivers_small_b
D:4:      minmay_angry_zag, layout_loops_corners, amcnicky_altar_gilded,
          mainiacjoe_overflow_divided_tiny, minmay_temple_entry_gardened_gates,
          gup_sewer_entry_glass
D:5:      layout_rooms, nicolae_wu_jian_glorious_leap, serial_undead,
          serial_undead_e, serial_undead_c, serial_undead_e, serial_undead_d
D:6:      layout_gridville, overflow_temple_1_default,
          nicolae_gozag_cash_rules_everything_around_me

Skill      XL: |  1  2  3  4  5  6  7  8 |
---------------+-------------------------+-----
Axes           | 2 3 4 5 7 8 |  8.9
Necromancy     | 1 |  1.8
Fighting       | 3 4 |  4.6
Armour         | |  2.4
Shields        | |  2.6

Action                     |  1- 3 |  4- 6 |  7- 9 || total
---------------------------+-------+-------+-------++-------
  Melee: War axe           |    89 |   123 |   150 ||   362
         Bite              |    10 |    28 |    37 ||    75
  Throw: Throwing net      |       |       |     1 ||     1
         Dart              |       |       |    10 ||    10
  Evoke: Wand              |       |       |     2 ||     2
    Use: Scroll            |       |       |     5 ||     5
         Potion            |       |       |     1 ||     1
   Stab: Held in net/web   |       |       |     1 ||     1
 Armour: Scale mail        |    39 |    46 |    16 ||   101
         Leather armour    |       |       |    42 ||    42
  Dodge: Dodged            |    42 |    49 |    74 ||   165
  Block: Buckler           |    22 |    23 |    33 ||    78

Table legend: (Time is in decaauts)
 A = Elapsed time spent in this place.
 B = Non-inter-level travel time spent in this place.
 C = Inter-level travel time spent in this place.
 D = Time resting spent in this place.
 E = Time spent auto-exploring this place.
 F = Levels seen in this place.
 G = Mean time per level.
                   A        B        C        D        E       F      G
               +--------+--------+--------+--------+--------+-----+--------+
         Total |   4736 |   4500 |    236 |     20 |   3363 |   7 |  676.6 |
       Dungeon |   4384 |   4148 |    236 |     20 |   3206 |   6 |  730.7 |
         Sewer |    352 |    352 |      0 |      0 |    156 |   1 |  352.0 |
               +--------+--------+--------+--------+--------+-----+--------+

Top non-repeatable levels by time:
     D:4: 1045 daAuts
     D:2: 1031 daAuts
     D:1: 877 daAuts
     D:3: 746 daAuts
     D:5: 586 daAuts
   Sewer: 352 daAuts
     D:6: 96 daAuts
